 Dungeon Crawl Stone Soup version 0.26.1-2-gb8aa6d0cf2 (webtiles) character file.

Game seed: 7918410071302145690

212106 Gadfly the Bludgeoner (level 18, -3/119 HPs)
             Began as a Gargoyle Berserker on Feb 15, 2021.
             Was the Champion of Trog.
             Slain by a guardian serpent (12 damage)
             ... on level 4 of the Snake Pit.
             The game lasted 01:43:16 (39808 turns).

Gadfly the Bludgeoner (Gargoyle Berserker)         Turns: 39808, Time: 01:43:16

Health: -3/119     AC: 47    Str: 34    XL:     18   Next: 91%
Magic:  10/18      EV:  7    Int:  7    God:    Trog [******]
Gold:   1227       SH: 18    Dex: 22    Spells: 17/17 levels left

rFire    . . .     SeeInvis .   a - +4 morningstar (drain)
rCold    + + .     Faith    .   A - +4 buckler of the Komodo Dragon {Str+3 Int-2 Dex+4 Slay+2}
rNeg     + + .     Spirit   .   w - +3 chain mail {rC+}
rPois    ∞         Reflect  +   L - +2 hat
rElec    +         Harm     .   G - +0 cloak "Copn" {rCorr}
rCorr    +         Rampage  .   p - +0 pair of gloves "Vahiarr" {*Drain rC+ rCorr Slay+4}
Will     ++...                  x - +2 pair of boots of Divine Compulsion {Dex+3}
Stlth    ..........             F - amulet of reflection
HPRegen  0.29/turn              P - ring "Eseed" {AC+4 Str+4 Dex+3 Stlth+}
MPRegen  0.16/turn              V - ring "Varhiv" {rPois rN+ Slay+2}

@: flying, constricted
A: big wings, icy blue scales 1, yellow scales 1, agile 1, blink, strong-willed
1, negative energy resistance 1, electricity resistance, unbreathing,
petrification resistance, miasma immunity, subdued magic 1, MP-powered wands, AC
+13
}: 1/15 runes: decaying
a: Stop Flying, Blink, Renounce Religion, Berserk, Trog's Hand, Brothers in Arms


You were on level 4 of the Snake Pit.
You worshipped Trog.
Trog was exalted by your worship.
You visited 5 branches of the dungeon, and saw 31 of its levels.
You also visited: Ossuary, Bailey, Gauntlet and Ice Cave.

You collected 4258 gold pieces.
You spent 3031 gold pieces at shops.

Inventory:

Hand Weapons
 a - a +4 morningstar of draining (weapon)
 b - the +1 eveningstar "Nidwobuq" {antimagic, *Corrode rN+ Int+7 Dex+4}
   (You took it off an orc knight on level 2 of the Orcish Mines)

   It reduces the magical energy of the wielder, and disrupts the spells and
   magical abilities of those hit.
   Natural abilities and divine invocations are not affected.
   It affects your intelligence (+7).
   It affects your dexterity (+4).
   It protects you from negative energy.
   It may corrode you when you take damage.
 W - a +1 vorpal demon whip
 Y - the +1 whip of Discomfort {drain, rPois Str+4 SInv}
   (You found it on level 8 of the Dungeon)

   A truly terrible weapon, it drains the life of those it strikes.
   It affects your strength (+4).
   It protects you from poison.
   It lets you see invisible.
Armour
 p - the +0 pair of gloves "Vahiarr" (worn) {*Drain rC+ rCorr Slay+4}
   (You acquired it on level 2 of the Swamp)

   It affects your accuracy and damage with ranged weapons and melee attacks
   (+4).
   It protects you from cold.
   It provides partial protection from all sources of acid and corrosion.
   It causes draining when unequipped.
 w - a +3 chain mail of cold resistance (worn)
 x - the +2 pair of boots of Divine Compulsion (worn) {Dex+3}
   (You found it on level 2 of the Swamp)

   It affects your dexterity (+3).
 A - the +4 buckler of the Komodo Dragon (worn) {Str+3 Int-2 Dex+4 Slay+2}
   (You acquired it on level 6 of the Dungeon)

   It affects your strength (+3).
   It affects your intelligence (-2).
   It affects your dexterity (+4).
   It affects your accuracy and damage with ranged weapons and melee attacks
   (+2).
 G - the +0 cloak "Copn" (worn) {rCorr}
   (You acquired it on level 2 of the Swamp)

   It provides partial protection from all sources of acid and corrosion.
 L - a +2 hat (worn)
 S - a +2 cloak of cold resistance
Jewellery
 v - the amulet of the Four Winds {rN+ Will+++ Clar}
   (You bought it in a shop on level 2 of the Orcish Mines)

   [amulet of nothing]

   It protects you from negative energy.
   It affects your willpower, your defense against some magical effects.
   It protects you against confusion.
 y - an uncursed ring of protection from fire
 F - an amulet of reflection (around neck)
 K - an uncursed ring of protection from fire
 P - the ring "Eseed" (left hand) {AC+4 Str+4 Dex+3 Stlth+}
   (You acquired it on level 11 of the Dungeon)

   [ring of protection]

   It affects your AC (+4).
   It affects your strength (+4).
   It affects your dexterity (+3).
   It makes you more stealthy.
 R - an uncursed ring of ice
 V - the ring "Varhiv" (right hand) {rPois rN+ Slay+2}
   (You acquired it on level 7 of the Dungeon)

   [ring of positive energy]

   It affects your accuracy and damage with ranged weapons and melee attacks
   (+2).
   It protects you from poison.
   It protects you from negative energy.
Wands
 i - a wand of enslavement (24)
 l - a wand of digging (3)
 q - a wand of polymorph (5)
 u - a wand of acid (15)
 J - a wand of iceblast (26) (quivered)
 M - a wand of disintegration (21)
Scrolls
 g - 6 scrolls of enchant armour
 h - 7 scrolls of fog
 o - 12 scrolls of teleportation
 r - 14 scrolls of remove curse
 s - 4 scrolls of blinking
 B - 7 scrolls of identify
 C - a scroll of silence
 D - 5 scrolls of fear
 E - a scroll of summoning
 O - 2 scrolls of holy word
 T - 2 scrolls of enchant weapon
Potions
 c - 7 potions of heal wounds
 d - 2 potions of berserk rage
 f - a potion of ambrosia
 j - 4 potions of attraction
 k - 25 potions of curing
 m - 2 potions of haste
 n - 4 potions of might
 t - 5 potions of resistance
 z - 4 potions of cancellation
 I - 3 potions of mutation
Miscellaneous
 N - a phantom mirror
 Q - a box of beasts
 U - a tin of tremorstones (2/2)


   Skills:
 * Level 15.0 Fighting
 + Level 19.2 Maces & Flails
 * Level 14.9 Armour
 - Level 1.5 Dodging
 * Level 14.9 Shields
 * Level 14.2 Evocations


You had 17 spell levels left.
You didn't know any spells.
Your spell library was empty.

Dungeon Overview and Level Annotations

Branches:
Dungeon (15/15)            Temple (0/1) D:6            Lair (6/6) D:9
  Swamp (4/4) Lair:3        Snake (4/4) Lair:2        Slime (0/5) Lair:5
    Orc (2/2) D:10            Elf (0/3) Orc:2        Vaults (0/5) D:13
 Depths (0/5) D:15        Ossuary (visited)          Bailey (visited)
  IceCv (visited)         Gauntlet (visited)

Altars:
Ashenzari
Dithmenos
Gozag
Kikubaaqudgha
Nemelex Xobeh
Qazlal
Sif Muna
Trog
Vehumet
Xom
Zin
Beogh
Jiyva

Shops:
D:4 **}*[   D:6 ***   D:7 *   D:9 }*?[   D:11 [   D:12 [   Orc:2 =[(?
Snake:2 *(:

Portals:
Trove: D:15 (show abyssal rune of Zot)

Annotations:
D:15 1 runed translucent door, acdeimund's ghost, journeyman GrEE


Innate Abilities, Weirdness & Mutations

You are resistant to torment.
Your stone body is resilient. (AC +13)
You are immune to poison.
Your large and strong wings let you fly indefinitely.
You resist negative energy. (rN+)
You are resistant to electric shocks. (rElec)
You can survive without breathing.
You are immune to petrification.
You are immune to miasma.
You are partially covered in icy blue scales. (AC +2)
You are partially covered in yellow scales. (AC +2)
You are agile. (Dex +2)
You can translocate small distances at will.
You are strong-willed. (Will+)
Your spells are a little easier to cast, but a little less powerful.
You expend magic power (3 MP) to strengthen your wands.


Message History

* * * LOW HITPOINT WARNING * * *
You feel your power leaking away.
The guardian serpent coils itself and waves its upper body at you.
The black mamba bites you but does no damage.
The naga mage hits you but does no damage.
The nagaraja spits poison at you.
The splash of poison reflects off an invisible shield around you!
The splash of poison hits the nagaraja.
You sock the naga sharpshooter!
The naga sharpshooter is almost dead.
You block the mana viper's attack.
The mana viper bites you but does no damage.
The naga sharpshooter spits poison at you.
The splash of poison hits you but does no damage.
You resist.
The black mamba bites you but does no damage.
The naga spits poison at you.
The splash of poison hits you but does no damage.
You resist. The naga constricts you. The guardian serpent hits you!
You die...

## ........# ##.#
#.......#
##...##.......####
##.....#.........(#
#.(................
.................#
.........NNN.....##
..^.....)S@SN....!#
........(NSS.......
.##......N.......#
##.......?...(##
###............
#...#N.?.#...
#....#.§..#..#
##...#....# ##
#####....#


You could see a naga warrior, a nagaraja (catching breath), a naga sharpshooter
(catching breath), 2 mana vipers, a guardian serpent, a black mamba, a naga mage
(fast) and 3 nagas.

Vanquished Creatures
  the Lernaean hydra (Swamp:4)
  Nikola (Swamp:2)
  Jorgrun (D:15)
  Gastronok (Lair:2)
  Donald (Swamp:2)
  Kirke (Lair:5)
  A thorn hunter (Swamp:1)
  2 nagarajas (Snake:3)
  An orc warlord (Orc:2)
  Aizul (Snake:2)
  An ironheart preserver (D:13)
  The ghost of AgateBread the Cleaver, a journeyman DsGl of Uskayaw (Swamp:1)
  A dire elephant (Lair:4)
  9 bunyips
  A minotaur (Gauntlet)
  The ghost of Eryximachus the Geomancer, a journeyman OpEE of Gozag (Orc:2)
  A yaktaur captain (D:15)
  2 shambling mangroves
  An ogre mage (D:15)
  2 eleionomae
  Erolcha (Orc:2)
  17 hydras
  3 catoblepae
  A ghost crab (Swamp:4)
  10 naga warriors
  A boulder beetle (Lair:3)
  A death knight (D:12)
  7 anacondas
  4 centaur warriors
  10 alligators
  A dancing weapon (Swamp:1)
  9 two-headed ogres
  3 tengu warriors
  6 death yaks
  2 shock serpents
  2 orc high priests (Orc:2)
  9 naga sharpshooters
  Urug (Orc:2)
  3 skeletal warriors (D:15)
  Sonja (Lair:2)
  A death drake (Gauntlet)
  3 goliath frogs
  A salamander mystic (Snake:2)
  5 bog bodies
  4 naga ritualists
  9 swamp dragons
  2 unseen horrors
  3 spriggan druids
  3 orc knights
  7 mana vipers
  3 deep elf magi
  A wolf spider (Lair:6)
  15 ugly things
  2 orc sorcerers (Orc:2)
  A cyclops (D:15)
  A spectral centaur (Gauntlet)
  25 elephants
  5 will-o-the-wisps
  A moth of wrath (Orc:2)
  3 oklob plants (Lair:6)
  7 salamanders
  A worldbinder (Gauntlet)
  An ice statue (IceCv)
  4 gargoyles
  3 guardian serpents
  Joseph (D:9)
  27 black mambas
  2 molten gargoyles (Gauntlet)
  20 naga magi
  A torpor snail (Lair:2)
  15 cane toads
  3 kobold demonologists
  A rime drake (Lair:5)
  12 freezing wraiths
  A redback zombie (Gauntlet)
  2 yaktaurs (D:15)
  7 komodo dragons
  A guardian mummy (D:15)
  2 tengu conjurers
  7 trolls
  A wolf spider simulacrum (IceCv)
  3 polar bears
  16 hornets
  A hornet (shapeshifter) (D:14)
  8 tyrant leeches
  A raiju (shapeshifter) (D:14)
  12 blink frogs
  4 slime creatures (D:14)
  2 redbacks (Lair:6)
  3 wraiths (D:12)
  4 water elementals
  15 spriggans
  Sigmund (D:2)
  12 wyverns
  48 yaks
  9 basilisks
  A hog (Lair:5)
  A death yak simulacrum (IceCv)
  A steam dragon (D:9)
  5 vampire mosquitoes
  Menkaure (D:7)
  4 wargs
  A soldier ant (D:13)
  36 nagas
  20 swamp worms
  21 water moccasins
  An acid dragon (D:15)
  45 orc warriors
  14 swamp drakes
  9 ice beasts
  5 sky beasts
  2 black bears
  10 wolves
  A boggart (Gauntlet)
  2 phantoms
  15 ogres
  2 eyes of draining
  8 centaurs
  5 big kobolds
  16 bullfrogs
  3 scorpions
  A water moccasin skeleton (D:10)
  2 elephant simulacra (IceCv)
  3 howler monkeys
  11 wights
  10 electric eels
  3 bullfrog zombies
  3 centaur zombies
  Crazy Yiuf (D:7)
  2 draconian simulacra (IceCv)
  7 hounds
  4 jellies
  2 centaur skeletons
  3 bullfrog skeletons
  19 orc priests
  6 iguanas
  Terence (D:2)
  31 orc wizards
  5 worker ants
  2 spriggan simulacra (IceCv)
  2 troll simulacra (IceCv)
  3 centaur simulacra (IceCv)
  4 mummies (Ossuary)
  A howler monkey zombie (D:6)
  2 worker ant zombies
  16 gnolls
  4 naga simulacra (IceCv)
  7 adders
  2 ogre simulacra (IceCv)
  2 shadow imps
  25 white imps
  4 ufetubi
  2 oozes
  2 adder skeletons
  3 worms
  2 dart slugs (D:1)
  6 leopard geckos
  115 orcs
  3 bats
  5 giant cockroaches
  25 hobgoblins
  18 jackals
  8 quokkas
  2 ball pythons
  5 frilled lizards
  A gnoll zombie (Ossuary)
  5 goblins
  2 hobgoblin zombies (Ossuary)
  A jackal skeleton (D:3)
  33 kobolds
  A kobold zombie (Ossuary)
  A leopard gecko zombie (D:5)
  2 orc zombies (Ossuary)
  4 rats
  A bush (Lair:2)
1140 creatures vanquished.

Vanquished Creatures (collateral kills)
  A necromancer (IceCv)
  A draconian simulacrum (IceCv)
  A troll simulacrum (IceCv)
  3 naga simulacra (IceCv)
6 creatures vanquished.

Vanquished Creatures (others)
  2 bloated husks (Swamp:2)
  A hornet (Swamp:2)
  2 nagas (Snake:1)
  An orc warrior (Orc:2)
  2 orcs
  32 foxfires
  109 fungi
  103 plants
252 creatures vanquished.

Grand Total: 1398 creatures vanquished

Notes
Turn   | Place    | Note
-------+----------+-------------------------------------------
     0 | D:1      | Gadfly the Gargoyle Berserker began the quest for the Orb.
     0 | D:1      | Reached XP level 1. HP: 14/14 MP: 1/1
   227 | D:1      | Reached XP level 2. HP: 19/19 MP: 2/2
   432 | D:1      | Reached skill level 1 in Shields
   895 | D:2      | Reached skill level 1 in Evocations
   895 | D:2      | Reached XP level 3. HP: 12/23 MP: 3/3
  1080 | D:2      | Reached XP level 4. HP: 20/28 MP: 4/4
  1459 | D:2      | Noticed Sigmund
  1622 | D:2      | Killed Sigmund
  1623 | D:2      | Reached skill level 4 in Maces & Flails
  1623 | D:2      | Reached XP level 5. HP: 8/33 MP: 5/5
  1623 | D:2      | Reached XP level 6. HP: 9/38 MP: 6/6
  1865 | D:2      | Noticed Terence
  1879 | D:2      | Killed Terence
  1879 | D:2      | Reached ** piety under Trog
  2732 | D:3      | Found a faded altar of an unknown god.
  2825 | D:3      | Found an ancient bone altar of Kikubaaqudgha.
  2832 | D:3      | Found a shimmering blue altar of Sif Muna.
  2834 | D:3      | Found a radiant altar of Vehumet.
  2905 | D:3      | Found an opulent altar of Gozag.
  3223 | D:4      | Reached XP level 7. HP: 25/43 MP: 7/7
  3352 | D:4      | Found Ocewk's Assorted Antiques.
  3354 | D:4      | Found Asixa's Gadget Emporium.
  3367 | D:4      | Bought a sapphire potion for 27 gold pieces
  3367 | D:4      | Bought a scroll of identify for 60 gold pieces
  3406 | D:4      | Found Juiqange's General Store.
  3416 | D:4      | Bought a potion of lignification for 30 gold pieces
  3510 | D:4      | Found Onuarenwad's Armour Shop.
  3685 | D:4      | Found Xulaymea's General Store.
  3722 | D:4      | Bought a scroll of identify for 24 gold pieces
  3722 | D:4      | Bought a scroll of identify for 24 gold pieces
  3859 | D:5      | Entered Level 5 of the Dungeon
  3921 | D:5      | Found a glowing silver altar of Zin.
  3957 | D:5      | Reached skill level 5 in Maces & Flails
  3993 | D:5      | Found a sand-covered staircase.
  3999 | Ossuary  | Entered an ossuary
  4464 | Ossuary  | Reached *** piety under Trog
  4730 | D:5      | Reached XP level 8. HP: 36/48 MP: 8/8
  4898 | D:5      | Found a stormy altar of Qazlal.
  4988 | D:5      | Reached skill level 5 in Fighting
  5253 | D:5      | Gained mutation: You have very sharp teeth. [potion of
                  | mutation]
  5253 | D:5      | Gained mutation: Armour fits poorly on your strangely
                  | shaped body. [potion of mutation]
  5253 | D:5      | Gained mutation: You evolve. [potion of mutation]
  5254 | D:5      | Lost mutation: Armour fits poorly on your strangely shaped
                  | body. [potion of mutation]
  5254 | D:5      | Lost mutation: You evolve. [potion of mutation]
  5254 | D:5      | Gained mutation: You are frail. (-10% HP) [potion of
                  | mutation]
  5254 | D:5      | Gained mutation: You occasionally shout uncontrollably at
                  | your foes. [potion of mutation]
  5254 | D:5      | Gained mutation: Your large and strong wings let you fly
                  | indefinitely. [potion of mutation]
  5254 | D:5      | Gained mutation: You have a pair of small horns on your
                  | head. [potion of mutation]
  5255 | D:5      | Lost mutation: You have a pair of small horns on your head.
                  | [potion of mutation]
  5255 | D:5      | Lost mutation: You have very sharp teeth. [potion of
                  | mutation]
  5255 | D:5      | Gained mutation: Scrolls take you a little longer to read.
                  | [potion of mutation]
  5255 | D:5      | Gained mutation: You are agile. (Dex +2) [potion of
                  | mutation]
  5255 | D:5      | Gained mutation: You are strong-willed. (Will+) [potion of
                  | mutation]
  5265 | D:6      | Found a staircase to the Ecumenical Temple.
  5343 | D:6      | Reached skill level 6 in Maces & Flails
  5527 | D:6      | Found a sparkling altar of Nemelex Xobeh.
  5892 | D:6      | Found Etuigeik's General Store.
  5896 | D:6      | Found Givvy's General Store.
  5896 | D:6      | Found Etojet Vae's Assorted Antiques.
  5896 | D:6      | Found Vicuh's Weapon Emporium.
  5905 | D:6      | Bought a black potion for 26 gold pieces
  6047 | D:6      | Found a sparkling altar of Nemelex Xobeh.
  6553 | D:7      | Reached **** piety under Trog
  6608 | D:7      | Reached skill level 5 in Shields
  6608 | D:7      | Reached skill level 5 in Evocations
  6608 | D:7      | Reached XP level 9. HP: 44/48 MP: 9/9
  6694 | D:7      | Reached skill level 5 in Armour
  6952 | D:7      | Noticed Menkaure
  6964 | D:7      | Killed Menkaure
  7144 | D:7      | Found Sutioth's General Store.
  7354 | D:7      | Found a broken altar of Ashenzari.
  7369 | D:7      | Found a runed translucent door.
  7370 | D:7      | Noticed Crazy Yiuf
  7470 | D:7      | Reached skill level 7 in Maces & Flails
  7646 | D:7      | Killed Crazy Yiuf
  7742 | D:6      | Bought a scroll labelled BEWILA QETZOLEWK for 29 gold
                  | pieces
  7744 | D:6      | Acquired the +4 buckler of the Komodo Dragon {Str+3 Int-2
                  | Dex+4 Slay+2}
  7810 | D:8      | Noticed a two-headed ogre
  7825 | D:8      | Killed a two-headed ogre
  8054 | D:8      | Got a warped whip
  8055 | D:8      | Identified the cursed +1 whip of Discomfort {drain, rPois
                  | Str+4 SInv} (You found it on level 8 of the Dungeon)
  8110 | D:8      | Noticed a two-headed ogre
  8121 | D:8      | Killed a two-headed ogre
  8122 | D:8      | Reached skill level 8 in Maces & Flails
  8122 | D:8      | Reached XP level 10. HP: 45/54 MP: 10/10
  8865 | D:9      | Found Dampiwent's Gadget Emporium.
  9086 | D:9      | Found Iruyth's Magic Scroll Boutique.
  9115 | D:9      | Bought a scroll of fear for 56 gold pieces
  9115 | D:9      | Bought a scroll of summoning for 152 gold pieces
  9123 | D:9      | Found Gamoq's Armour Shop.
  9134 | D:9      | Noticed Joseph
  9167 | D:9      | Killed Joseph
  9246 | D:9      | Found Keiruk's General Store.
  9388 | D:9      | Reached skill level 9 in Maces & Flails
  9605 | D:9      | Found a staircase to the Lair.
 10048 | D:10     | Entered Level 10 of the Dungeon
 10212 | D:10     | Found a staircase to the Orcish Mines.
 10229 | D:10     | Reached ***** piety under Trog
 10326 | D:10     | Lost mutation: You are frail. (-10% HP) [potion of
                  | mutation]
 10326 | D:10     | Lost mutation: You occasionally shout uncontrollably at
                  | your foes. [potion of mutation]
 10326 | D:10     | Gained mutation: Your spells are a little easier to cast,
                  | but a little less powerful. [potion of mutation]
 10326 | D:10     | Gained mutation: You can translocate small distances at
                  | will. [potion of mutation]
 10326 | D:10     | Gained mutation: You are partially covered in yellow
                  | scales. (AC +2) [potion of mutation]
 10424 | D:10     | Reached XP level 11. HP: 68/68 MP: 11/11
 10863 | Lair:1   | Entered Level 1 of the Lair of Beasts
 11073 | Lair:1   | Noticed an eight-headed hydra
 11113 | D:9      | Killed a three-headed hydra
 11114 | D:9      | Reached skill level 10 in Maces & Flails
 12109 | Lair:2   | Noticed Sonja
 12119 | Lair:2   | Killed Sonja
 12234 | Lair:2   | Noticed Gastronok
 12276 | Lair:2   | Killed Gastronok
 12277 | Lair:2   | Reached skill level 11 in Maces & Flails
 12277 | Lair:2   | Reached XP level 12. HP: 76/76 MP: 12/12
 12395 | Lair:2   | Found a staircase to the Snake Pit.
 12648 | Lair:2   | Noticed a six-headed hydra
 12657 | Lair:2   | Killed a one-headed hydra
 12796 | Lair:2   | Received a gift from Trog
 13236 | Lair:3   | Noticed a seven-headed hydra
 13249 | Lair:3   | Killed a one-headed hydra
 13926 | Lair:3   | Reached skill level 12 in Maces & Flails
 14413 | Lair:3   | Found a staircase to the Swamp.
 14631 | Lair:4   | Reached skill level 10 in Fighting
 14631 | Lair:4   | Reached XP level 13. HP: 82/82 MP: 13/13
 15200 | Lair:4   | Reached skill level 10 in Armour
 15247 | Lair:4   | Noticed a dire elephant
 15285 | Lair:4   | Killed a dire elephant
 15286 | Lair:4   | Reached skill level 10 in Shields
 15766 | Lair:4   | Reached skill level 13 in Maces & Flails
 16669 | Lair:5   | Found a frozen archway.
 16693 | Lair:5   | Received a gift from Trog
 16694 | Lair:5   | Found a viscous altar of Jiyva.
 16695 | Lair:5   | Found a staircase to the Slime Pits.
 16720 | IceCv    | Entered an ice cave
 17020 | IceCv    | Found an ancient bone altar of Kikubaaqudgha.
 17066 | IceCv    | Mutation became permanent: Your large and strong wings let
                  | you fly indefinitely. [Gargoyle growth]
 17066 | IceCv    | Gained mutation: Your large and strong wings let you fly
                  | indefinitely. [Gargoyle growth]
 17066 | IceCv    | Reached XP level 14. HP: 79/90 MP: 14/14
 17831 | Lair:5   | Reached ****** piety under Trog
 17899 | Lair:5   | You are sucked into a shaft and drop 1 floor!
 17899 | Lair:6   | Entered Level 6 of the Lair of Beasts
 18064 | Lair:5   | Received a gift from Trog
 18221 | Lair:5   | Noticed Kirke
 18246 | Lair:5   | Noticed a sphinx
 18295 | Lair:5   | Killed Kirke
 18595 | Lair:6   | Reached skill level 10 in Evocations
 18602 | Lair:6   | Reached skill level 14 in Maces & Flails
 20005 | Lair:6   | Received a gift from Trog
 20115 | Lair:6   | Lost mutation: Scrolls take you a little longer to read.
                  | [potion of mutation]
 20115 | Lair:6   | Gained mutation: You expend magic power (3 MP) to
                  | strengthen your wands. [potion of mutation]
 20115 | Lair:6   | Gained mutation: You are partially covered in icy blue
                  | scales. (AC +2) [potion of mutation]
 20261 | Lair:1   | Reached XP level 15. HP: 87/96 MP: 15/15
 20513 | D:4      | Bought a scroll of acquirement for 520 gold pieces
 20513 | D:4      | Acquired 1084 gold pieces
 20515 | D:4      | Bought an uncursed amulet of reflection for 300 gold pieces
 20649 | D:7      | Bought a scroll of brand weapon for 240 gold pieces
 20649 | D:7      | Bought a scroll of acquirement for 624 gold pieces
 20649 | D:7      | Acquired the ring "Varhiv" {rPois rN+ Slay+2}
 20727 | Orc:1    | Entered Level 1 of the Orcish Mines
 21446 | Orc:2    | Entered Level 2 of the Orcish Mines
 21448 | Orc:2    | Noticed Erolcha
 21455 | Orc:2    | Killed Erolcha
 21483 | Orc:2    | Found a transporter.
 21487 | Orc:2    | Found a transporter.
 21488 | Orc:2    | Found a bloodstained altar of Trog.
 21649 | Orc:2    | Found a roughly hewn altar of Beogh.
 21706 | Orc:2    | Identified the cursed +1 eveningstar "Nidwobuq" {antimagic,
                  | *Corrode rN+ Int+7 Dex+4}
 21708 | Orc:2    | Noticed Eryximachus's ghost (journeyman OpEE)
 21776 | Orc:2    | Noticed Urug
 21782 | Orc:2    | Found a staircase to the Elven Halls.
 21793 | Orc:2    | Killed Urug
 22045 | Orc:2    | Found a roughly hewn altar of Beogh.
 22061 | Orc:2    | Received a gift from Trog
 22101 | Orc:2    | Found Socsiass's Jewellery Emporium.
 22279 | Orc:2    | Found a roughly hewn altar of Beogh.
 22348 | Orc:2    | Reached skill level 15 in Maces & Flails
 22384 | Orc:2    | Found a roughly hewn altar of Beogh.
 22493 | Orc:2    | Found a roughly hewn altar of Beogh.
 22563 | Orc:2    | Noticed an orc warlord
 22613 | Orc:2    | Killed an orc warlord
 23412 | Orc:2    | Found a roughly hewn altar of Beogh.
 23413 | Orc:2    | Found Miucwywi's Magic Scroll Shoppe.
 23446 | Orc:2    | Found Tudeuw's Antique Armour Boutique.
 23447 | Orc:2    | Found a roughly hewn altar of Beogh.
 23448 | Orc:2    | Found Rowun's Antique Weapon Shop.
 23677 | Orc:2    | Got a slimy plate armour
 23705 | Orc:2    | Killed Eryximachus's ghost
 23705 | Orc:2    | Received a gift from Trog
 23783 | Orc:2    | Identified the +7 plate armour of Jusch {rPois Slay-6
                  | Stlth+} (You found it on level 2 of the Orcish Mines)
 23901 | Orc:2    | Bought the amulet of the Four Winds {rN+ Will+++ Clar} for
                  | 702 gold pieces
 23901 | Orc:2    | Found the amulet of the Four Winds {rN+ Will+++ Clar}
 24482 | D:11     | Acquired the ring "Eseed" {AC+4 Str+4 Dex+3 Stlth+}
 24533 | D:11     | Found Aptaesid's Antique Armour Shop.
 24963 | D:12     | Found a flagged portal.
 24977 | Bailey   | Entered a bailey
 25203 | Bailey   | Acquired a manual of Maces & Flails
 25359 | D:12     | Received a gift from Trog
 25863 | D:12     | Found Jiri's Antique Armour Shop.
 25868 | D:12     | Bought a shiny kite shield for 217 gold pieces
 26881 | D:13     | Found a gate to the Vaults.
 26981 | D:13     | Found a shimmering blue altar of Sif Muna.
 27246 | D:14     | Reached XP level 16. HP: 102/103 MP: 16/16
 27334 | D:14     | Reached skill level 16 in Maces & Flails
 27560 | D:14     | Received a gift from Trog
 27733 | D:15     | Entered Level 15 of the Dungeon
 27823 | D:15     | Found a staircase to the Depths.
 28103 | D:15     | Found a shadowy altar of Dithmenos.
 28114 | D:15     | Found a gate leading to a gauntlet.
 28119 | D:15     | Noticed Jorgrun
 28121 | Gauntlet | Entered a Gauntlet
 28121 | Gauntlet | Found a transporter.
 28127 | Gauntlet | Found a runed translucent gate.
 28127 | Gauntlet | Found a runed translucent gate.
 28127 | Gauntlet | Found a runed translucent gate.
 28129 | Gauntlet | Found a transporter.
 28133 | Gauntlet | Found a transporter.
 28141 | Gauntlet | Found a transporter.
 28145 | Gauntlet | Found a transporter.
 28153 | Gauntlet | Found a transporter.
 28157 | Gauntlet | Found a transporter.
 28164 | Gauntlet | Found a runed translucent door.
 28167 | Gauntlet | Found a transporter.
 28171 | Gauntlet | Found a transporter.
 28182 | Gauntlet | Found a transporter.
 28188 | Gauntlet | Found the +3 hat of Pondering {ponderous, Will+ MP+10
                  | Int+5}
 28210 | Gauntlet | Found a transporter.
 28222 | Gauntlet | Found a transporter.
 28234 | Gauntlet | Found a transporter.
 28247 | Gauntlet | Found a transporter.
 28445 | Gauntlet | Got a faintly humming hat
 28461 | Gauntlet | Identified the +1 hat of Patu {rC+} (You found it in a
                  | Gauntlet)
 28846 | D:15     | Killed Jorgrun
 28847 | D:15     | Reached skill level 17 in Maces & Flails
 28866 | D:15     | Paralysed by an ogre mage for 4 turns
 29367 | D:15     | Found a runed translucent door.
 29367 | D:15     | Noticed acdeimund's ghost (journeyman GrEE)
 29368 | D:15     | Identified the +8 trident of Misery {drain, rPois Dex+5}
 29368 | D:15     | Identified the +3 hand crossbow of the Reaper {penet, *Slow
                  | rElec rC++ Int+2}
 29510 | D:15     | Found a portal to a secret trove of treasure.
 29516 | D:15     | Received a gift from Trog
 30337 | Swamp:1  | Entered Level 1 of the Swamp
 30660 | Swamp:1  | Found a runed translucent door.
 30661 | Swamp:1  | Found a shimmering altar of Xom.
 30661 | Swamp:1  | Noticed AgateBread's ghost (journeyman DsGl)
 30662 | Swamp:1  | Identified the +10 quarterstaff "Batokicy" {chaos, rF++}
 30710 | Swamp:1  | Noticed a thorn hunter
 30722 | Swamp:1  | HP: 1/104 [thorn hunter/volley of thorns (17)]
 31088 | Swamp:1  | Killed a thorn hunter
 31089 | Swamp:1  | Reached XP level 17. HP: 109/109 MP: 17/17
 31331 | Swamp:1  | Paralysed by a +10 quarterstaff "Batokicy" {chaos, rF++}
                  | for 5 turns
 31367 | Swamp:1  | Killed AgateBread's ghost
 31986 | Swamp:2  | Acquired the +0 pair of gloves "Vahiarr" {*Drain rC+ rCorr
                  | Slay+4}
 32115 | Swamp:2  | Reached skill level 18 in Maces & Flails
 32142 | Swamp:2  | Got a pair of pitted boots
 32143 | Swamp:2  | Identified the +2 pair of boots of Divine Compulsion
                  | {Dex+3} (You found it on level 2 of the Swamp)
 32179 | Swamp:2  | Noticed Nikola
 32199 | Swamp:2  | Killed Nikola
 32907 | Swamp:3  | Noticed Donald
 32925 | Swamp:2  | Killed Donald
 33478 | Swamp:3  | Received a gift from Trog
 33761 | Swamp:2  | Acquired the +0 cloak "Copn" {rCorr}
 33911 | Swamp:3  | Found a stormy altar of Qazlal.
 34240 | Swamp:4  | Entered Level 4 of the Swamp
 35308 | Swamp:4  | Noticed the 27-headed Lernaean hydra
 35867 | Swamp:4  | Killed the 27-headed Lernaean hydra
 36000 | Swamp:4  | Reached XP level 18. HP: 116/116 MP: 18/18
 36017 | Swamp:4  | Got a decaying rune of Zot
 36221 | Snake:1  | Entered Level 1 of the Snake Pit
 36268 | Snake:1  | Received a gift from Trog
 37343 | Snake:1  | Reached skill level 19 in Maces & Flails
 37535 | Snake:2  | Noticed Aizul
 37596 | Snake:2  | Killed Aizul
 37911 | Snake:2  | Received a gift from Trog
 38219 | Snake:2  | Found Jotu's General Store.
 38221 | Snake:2  | Found Ocsadid's Weapon Emporium.
 38223 | Snake:2  | Found Fawosk's Book Shoppe.
 39343 | Snake:3  | Received a gift from Trog
 39478 | Snake:3  | Reached skill level 15 in Fighting
 39759 | Snake:4  | Entered Level 4 of the Snake Pit
 39808 | Snake:4  | Slain by a guardian serpent

Illustrated notes

Levels and vault maps discovered:
D:1:      onia_arrival_pentagram, layout_loops_cross
D:2:      layout_basic, uniq_sigmund, uniq_terence
D:3:      layout_loops_cross, grunt_temple_overflow_magic_moments,
          grunt_gozag_statues, chequers_ecumenical_altar_grove,
          minmay_misc_feat_more_columns
D:4:      layout_cave_pools, serial_shops, shop, shop, shop,
          nicolae_shop_crystal, kennysheep_mini_moat
D:5:      layout_basic, kennysheep_mini, lemuel_doored_altar,
          nicolae_ossuary_entry_plus
D:6:      layout_basic, nemelex_xobeh_ov_fountains_minmay, temple_green,
          minmay_shop_grid_forest, nemelex_diamond_rough_becter
D:7:      layout_cave_pods, ashenzari_altar_1, serial_shops, nicolae_shop_stone,
          uniq_menkaure, uniq_crazy_yiuf_cottage
D:8:      layout_gridville
D:9:      layout_gridville, erik_lair_dragon, serial_shops, shop_statue,
          shop_coins, nicolae_shop_temple_entry_statues_fountains, shop,
          palyth_stone_intersect, uniq_joseph
D:10:     layout_roguey, david_orc_2
D:11:     layout_loops_ring, serial_bayou, serial_bayou_crossing,
          serial_bayou_pond_c, serial_bayou_shore_a, serial_bayou_lake_a,
          serial_bayou_pond_c, serial_shops, shop, kennysheep_cluttered_room
D:12:     layout_loops_ring, serial_shops, shop, enter_bailey_4,
          minmay_diced_spiral
D:13:     layout_irregular_city, skrybe_vaults_entry_preservation, tgw_sif
D:14:     layout_basic, minmay_misc_feat_plants
D:15:     grunt_enter_depths_snipers, layout_basic,
          nicolae_trove_entry_path_of_doom, gauntlet_entry_generic,
          ebering_ghost_funeral_grove, lemuel_round_altar,
          minmay_stone_trees_small, st_stairs_8, evilmike_butchery, uniq_jorgrun
Lair:1:   layout_long_grid
Lair:2:   layout_roguey, guppyfry_snake_entry_garden, minivault_27,
          wad_woods_06, lemuel_another_geyser, uniq_gastronok, uniq_sonja
Lair:3:   layout_chaotic_city, nicolae_swamp_entry_splash_gauntlet
Lair:4:   mu_elephants_graveyard, layout_cave_pods, grunt_megastairs_4
Lair:5:   layout_big_grid, slime_altar_1, portal_ice_cave_entry_imps,
          grunt_megastairs_5, uniq_kirke
Lair:6:   hangedman_lair_tendril_chambers, layout_loops_ring,
          minmay_lair_oklob_chamber, infiniplex_staircase_pool
Swamp:1:  layout_falls_marsh, ebering_ghost_xom, nicolae_swamp_fairy_circle,
          swamp_pool5
Swamp:2:  layout_basic_swamp, hangedman_swamp_ruin_hall, uniq_nikola
Swamp:3:  layout_falls_marsh, nicolae_swamp_godswood, uniq_donald
Swamp:4:  swamp_old_school, layout_basic_swamp
Snake:1:  layout_onion_interference
Snake:2:  layout_misc_corridors, grunt_ministairs_4, guppyfry_library_mini,
          minmay_shop_star, uniq_aizul
Snake:3:  layout_onion, hangedman_snake_pattern, grunt_megastairs_2
Snake:4:  grunt_snake_rune_spirals, layout_onion, special_room,
          minmay_snake_pond, uniq_roxanne, uniq_mara
Orc:1:    layout_caves, small_statue_alley_c
Orc:2:    grunt_orc_community_town_hall, layout_diamond_mine,
          grunt_orc_community_big_house_1, grunt_orc_community_big_house_1,
          grunt_orc_community_house_3, grunt_orc_community_house_3,
          grunt_orc_community_house_3, grunt_orc_community_house_1,
          grunt_orc_community_house_2, gammafunk_ghost_wrathful_warriors,
          uniq_urug, uniq_erolcha

Skill      XL: |  1  2  3  4  5  6  7  8  9 10 11 12 13 14 15 16 17 18 |
---------------+-------------------------------------------------------+-----
Shields        | 1 2 3 4 5 6 7 8 9 10 11 12 13 14 | 14.9
Evocations     | 1 2 3 5 6 7 8 9 10 11 12 13 14 | 14.2
Maces & Flails | 4 5 6 8 9 11 12 13 14 15 17 18 19 | 19.2
Armour         | 3 4 6 7 8 9 10 11 12 13 14 | 14.9
Fighting       | 4 5 6 7 9 10 11 12 13 14 15 | 15.0
Dodging        | |  1.5

Action                   |  1- 3 |  4- 6 |  7- 9 | 10-12 | 13-15 | 16-18 || total
-------------------------+-------+-------+-------+-------+-------+-------++-------
Melee: Mace              |    81 |   173 |   363 |    44 |    35 |       ||   696
       Whip              |       |       |    20 |   898 |  1569 |       ||  2487
       Long sword        |       |       |       |    26 |     6 |       ||    32
       Morningstar       |       |       |       |       |   622 |  1234 ||  1856
       Eveningstar       |       |       |       |       |       |     4 ||     4
Invok: Berserk           |       |     3 |     1 |       |     3 |     3 ||    10
       Brothers in Arms  |       |       |       |       |     1 |       ||     1
 Abil: Fly               |       |       |       |     1 |       |       ||     1
       Blink             |       |       |       |       |     2 |       ||     2
Evoke: Wand              |       |       |       |     4 |    18 |    16 ||    38
  Use: Scroll            |     3 |     5 |    15 |     3 |    11 |    15 ||    52
       Potion            |       |     1 |     7 |     1 |     2 |     4 ||    15
 Stab: Distracted        |       |       |       |       |     1 |     2 ||     3
       Confused          |       |       |       |       |       |     1 ||     1
Armor: Chain mail        |   108 |   181 |   205 |       |   127 |   791 ||  1412
       Plate armour      |       |       |    32 |   357 |   682 |       ||  1071
Dodge: Dodged            |    32 |    62 |   137 |   292 |   680 |   372 ||  1575
Block: Buckler           |       |     1 |    87 |   337 |  1133 |  1107 ||  2665
       Reflection        |       |       |       |       |    46 |   100 ||   146
       Rpst.: Long sword |       |       |       |     6 |     1 |       ||     7
